 Dungeon Crawl Stone Soup version 0.32-a0-933-ga8fa3634e4 (webtiles) character file.

Game seed: 8416697695159612009

1885 Heh the Slasher (level 9, 0/67 (69) HPs)
             Began as a Coglin Gladiator on Apr 14, 2024.
             Was an Initiate of Beogh.
             Slain by a wight
             ... wielding a +0 long sword
              (3 damage)
             ... on level 6 of the Dungeon.
             The game lasted 00:07:34 (4705 turns).

Heh the Slasher (Coglin Gladiator)                  Turns: 4705, Time: 00:07:35

HP:   0/67 (69)     AC:  8    Str: 15    XL:     9   Next: 14%
MP:   9/9           EV: 14    Int:  7    God:    Beogh [......]
Gold: 256           SH:  0    Dex: 20    Spells: 8/8 levels left

rFire   . . .        a - +0 long sword {Impisi}
rCold   . . .        g - +2 dagger (venom) {Juan}
rNeg    . . .        o - +0 ring mail
rPois   .            c - +0 helmet
rElec   .            t - +0 cloak
rCorr   .            (no gloves)
SInv    .            C - +0 pair of boots
Will    .....        (amulet unavailable)
Stlth   +            (ring unavailable)
HPRegen 0.31/turn    (ring unavailable)
MPRegen 0.11/turn    (no gizmo)

%: no passive effects
@: mighty, lightly drained, revved
A: off-hand wielding, slow wielding, warmup strikes, no jewellery
a: Invent Gizmo, Renounce Religion


You were on level 6 of the Dungeon.
You worshipped Beogh.
Beogh was noncommittal.
You visited 1 branch of the dungeon, and saw 6 of its levels.

You collected 256 gold pieces.

Inventory:

Hand Weapons
 a - a +0 long sword (weapon) {Impisi}
 d - a +4 quarterstaff of chaos
 f - a +0 dagger {Kheti}
 g - a +2 dagger of venom (offhand) {Juan}
 i - a +1 dagger of draining
Missiles
 e - a javelin
 l - 13 poisoned darts
 E - 3 throwing nets (quivered)
Armour
 b - a +0 leather armour
 c - a +0 helmet (worn)
 o - a +0 ring mail (worn)
 t - a +0 cloak (worn)
 C - a +0 pair of boots (worn)
Wands
 v - a wand of quicksilver (1)
 H - a wand of flame (10)
Scrolls
 h - 2 scrolls of enchant weapon {unknown}
 m - 3 scrolls of poison {unknown}
 n - a scroll of fog
 q - a scroll of amnesia {unknown}
 r - 3 scrolls of silence {unknown}
 w - a scroll of enchant armour
 y - 2 scrolls of torment {unknown}
 F - a scroll of revelation {unknown}
 G - a scroll of vulnerability {unknown}
Potions
 j - a potion of attraction
 k - 2 potions of might
 p - 2 potions of ambrosia {unknown}
 u - a potion of mutation {unknown}
 z - a potion of magic {unknown}
 A - a potion of enlightenment {unknown}
 B - a potion of brilliance {unknown}
 D - 2 potions of curing


   Skills:
 + Level 5.7 Fighting
 * Level 7.5 Long Blades
 - Level 1.7 Throwing
 * Level 7.4 Dodging


You had 8 spell levels left.
You didn't know any spells.
Your spell library contained the following spells:

 Spells                   Type           Power      Damage    Failure   Level
 Apportation              Tloc           0%         N/A       67%         1
 Foxfire                  Conj/Fire      0%         2x1d4     67%         1
 Jinxbite                 Hex            0%         N/A       80%         2
 Alistair's Intoxication  Alch           0%         N/A       100%        5
 Plasma Beam              Fire/Air       0%         2x1d10    100%        6
 Starburst                Conj/Fire      0%         6d3       100%        6


Dungeon Overview and Level Annotations

Branches:
Dungeon (6/15)             Temple (0/1) D:4

Altars:
Cheibriados
Fedhas
Hepliaklqana
Ru
Uskayaw

Shops:
D:1 :

Annotations:
D:4 1 runed translucent door, Meejax's ghost, weakling DsGl


Innate Abilities, Weirdness & Mutations

You can wield a second weapon in your off-hand.
It takes a long time for you to wield or remove held weapons.
Your first few attacks do less damage.
You cannot equip rings or amulets.


Message History

The wight hits you but does no damage. The wight barely misses you.
You slash the wight with your +0 long sword!
The wight is severely damaged.
You puncture the wight with your +2 dagger of venom!
You destroy the wight!
Beogh accepts your kill.
The wight hits you from afar with a +1 trident!
You slash the orc with your +0 long sword!
You kill the orc!
Beogh accepts your kill.
The wight hits you from afar with a +1 trident!
You feel drained.
You barely miss Grinder with your +2 dagger of venom.
Grinder is moderately wounded.
You barely miss Grinder with your +0 long sword.
You puncture Grinder with your +2 dagger of venom!
Grinder is severely wounded.
You slash Grinder with your +0 long sword!
You kill Grinder!
Beogh accepts your kill.
An adder comes into view.
The wight hits you from afar with a +1 trident!
Your life force feels restored.
You barely miss the wight with your +0 long sword.
The adder hisses angrily.
You hit the wight but do no damage. The wight barely misses you.
The wight hits you but does no damage.
You hit the wight with your +2 dagger of venom.
The wight is lightly damaged.
You closely miss the wight with your +0 long sword.
The wight barely misses you.
The wight hits you from afar with a +1 trident!
* * * LOW HITPOINT WARNING * * *
You barely miss the wight with your +0 long sword.
The wight is lightly damaged.
You hit the wight with your +2 dagger of venom.
The wight hits you with a +0 long sword!
* * * LOW HITPOINT WARNING * * *
You feel drained.
You die...

#####.........
.).......
##......#######
........#
#..####.#
.......###.##
#..#
..S...##..#
#.##
#....##.#####.#
#..z.#..###...#
#....z.)††....#
####)@##......#
######.....#
#######


You could see 2 wights and an adder.

Vanquished Creatures
  Prince Ribbit (D:5)
  Grinder (D:6)
  Menkaure (D:5)
  3 ice beasts
  An ogre (D:6)
  2 centaurs (D:5)
  A phantom (D:6)
  A kobold brigand (D:6)
  A bullfrog (D:6)
  2 wights (D:6)
  A howler monkey (D:6)
  2 bombardier beetles
  4 hounds (D:5)
  Crazy Yiuf (D:5)
  3 iguanas
  An orc wizard (D:5)
  3 gnolls (D:6)
  7 adders
  3 ufetubi
  A ribbon worm (D:4)
  3 dart slugs
  6 orcs
  6 bats
  11 endoplasms
  4 giant cockroaches
  10 goblins
  8 hobgoblins
  4 jackals (D:5)
  11 kobolds
  2 quokkas
  7 ball pythons
  4 frilled lizards
  5 rats
121 creatures vanquished.

Notes
Turn   | Place    | Note
-------+----------+-------------------------------------------
     0 | D:1      | Heh the Coglin Gladiator began the quest for the Orb.
     0 | D:1      | Reached XP level 1. HP: 16/16 MP: 1/1
   147 | D:1      | Reached XP level 2. HP: 22/22 MP: 2/2
   263 | D:1      | Found Kuji's Book Emporium.
   859 | D:2      | Found a blossoming altar of Fedhas.
   861 | D:2      | Reached XP level 3. HP: 28/28 MP: 3/3
  1510 | D:3      | Found a hide-covered altar of Uskayaw.
  1511 | D:3      | Found a hazy altar of Hepliaklqana.
  1636 | D:3      | Reached XP level 4. HP: 33/34 MP: 4/4
  1812 | D:3      | Found a sacrificial altar of Ru.
  1816 | D:3      | Found a snail-covered altar of Cheibriados.
  2225 | D:4      | Found a runed translucent door.
  2241 | D:4      | Reached XP level 5. HP: 41/41 MP: 5/5
  2313 | D:4      | Found a staircase to the Ecumenical Temple.
  2720 | D:4      | Noticed Meejax's ghost (weakling DsGl)
  2728 | D:5      | Entered Level 5 of the Dungeon
  2738 | D:5      | Reached XP level 6. HP: 46/47 MP: 6/6
  2954 | D:5      | Noticed Menkaure
  2964 | D:5      | Killed Menkaure
  3051 | D:5      | Noticed an ice beast
  3063 | D:5      | Killed an ice beast
  3064 | D:5      | Reached skill level 5 in Long Blades
  3064 | D:5      | Reached skill level 5 in Dodging
  3064 | D:5      | Reached XP level 7. HP: 54/54 MP: 7/7
  3078 | D:5      | Found a runed translucent door.
  3079 | D:5      | Noticed Crazy Yiuf
  3314 | D:5      | Noticed Prince Ribbit
  3338 | D:5      | Killed Prince Ribbit
  3348 | D:5      | Reached XP level 8. HP: 13/61 MP: 8/8
  4097 | D:5      | Killed Crazy Yiuf
  4280 | D:6      | Reached skill level 5 in Fighting
  4681 | D:6      | Noticed Grinder
  4684 | D:6      | Became a worshipper of Beogh the Shepherd
  4687 | D:6      | Reached XP level 9. HP: 58/68 MP: 9/9
  4693 | D:6      | Paralysed by Grinder for 5 turns
  4702 | D:6      | Killed Grinder
  4705 | D:6      | HP: 3/69 [wight/+0 long sword (10)]
  4705 | D:6      | Slain by a wight

Illustrated notes

Levels and vault maps discovered:
D:1:      zaba_arrival_water, layout_basic, serial_shops, shop
D:2:      minmay_angry_zag, layout_basic, basic_altar, minmay_pentomino_v2
D:3:      minmay_spotlight, layout_loops_cross, nicolae_overflow_hidden_temple
D:4:      layout_cave_pools, minmay_temple_entry_grid,
          ebering_ghost_reflecting_pool, kennysheep_generic_room_4
D:5:      layout_loops_ring, minmay_circle_x, uniq_prince_ribbit1,
          uniq_crazy_yiuf_cottage, uniq_menkaure
D:6:      layout_rooms, uniq_grinder

Skill      XL: |  1  2  3  4  5  6  7  8 |
---------------+-------------------------+-----
Dodging        | 3 4 5 7 |  7.4
Long Blades    | 4 5 7 |  7.5
Fighting       | 3 4 5 |  5.7
Throwing       | |  1.7

Action                     |  1- 3 |  4- 6 |  7- 9 || total
---------------------------+-------+-------+-------++-------
  Melee: Long sword        |    70 |    87 |   121 ||   278
         Dagger            |    58 |    91 |   112 ||   261
  Throw: Throwing net      |       |       |     7 ||     7
 Invoke: Convert to Beogh  |       |       |     1 ||     1
  Evoke: Wand              |       |       |     2 ||     2
    Use: Scroll            |       |     8 |     3 ||    11
         Potion            |       |     1 |     5 ||     6
   Stab: Held in net/web   |       |       |     2 ||     2
 Armour: Leather armour    |    17 |       |       ||    17
         Ring mail         |    18 |    51 |    99 ||   168
         Skin              |       |       |    17 ||    17
  Dodge: Dodged            |    45 |    52 |   102 ||   199

Table legend: (Time is in decaauts)
 A = Elapsed time spent in this place.
 B = Non-inter-level travel time spent in this place.
 C = Inter-level travel time spent in this place.
 D = Time resting spent in this place.
 E = Time spent auto-exploring this place.
 F = Levels seen in this place.
 G = Mean time per level.
                   A        B        C        D        E       F      G
               +--------+--------+--------+--------+--------+-----+--------+
         Total |   4715 |   4357 |    358 |    441 |   3160 |   6 |  785.8 |
       Dungeon |   4715 |   4357 |    358 |    441 |   3160 |   6 |  785.8 |
               +--------+--------+--------+--------+--------+-----+--------+

Top non-repeatable levels by time:
     D:5: 1351 daAuts
     D:1: 850 daAuts
     D:3: 811 daAuts
     D:2: 679 daAuts
     D:4: 588 daAuts
     D:6: 434 daAuts
